 Dungeon Crawl Stone Soup version 0.17.1-1-g73c8601 (webtiles) character file.

18947 PossumBlood the Fighter (level 12, -6/118 HPs)
             Began as a Minotaur Fighter on Jan 6, 2016.
             Was a High Priest of Trog.
             Engulfed by a revenant's spectral mist (8 damage)
             ... on level 1 of the Abyss on Jan 7, 2016.
             The game lasted 00:51:58 (14157 turns).

PossumBlood the Fighter (Minotaur Fighter)         Turns: 14157, Time: 00:51:58

Health: -6/118     AC: 28    Str: 29    XL:     12   Next: 32%
Magic:  11/11      EV:  8    Int:  3    God:    Trog [*****.]
Gold:   58         SH:  4    Dex: 11    Spells: 0 memorised, 11 levels left

rFire  . . .     SeeInvis .     t - +6 long sword (freeze)
rCold  + + +     Clarity  .     h - +5 plate armour
rNeg   + . .     SustAt   .     e - +0 buckler
rPois  +         Gourm    .     (helmet restricted)
rElec  .         Spirit   .     N - +0 cloak
rCorr  .         Warding  +     w - +1 pair of gloves
rMut   .         Stasis   .     o - +2 pair of boots
MR     .....                    Q - amulet "Ocyn" {Ward rPois rC++ rN+ Str+4 Int-2}
Stlth  ..........               I - ring of protection from cold
                                v - ring of protection from cold

@: not resistant to hostile enchantments, extremely unstealthy
A: retaliatory headbutt, horns 2
a: Berserk, Trog's Hand, Brothers in Arms, Burn Spellbooks, Renounce Religion


You were on level 1 of the Abyss.
You worshipped Trog.
Trog was extremely pleased with you.
You were very full.

You visited 2 branches of the dungeon, and saw 14 of its levels.
You visited the Abyss 1 time.
You also visited: Ossuary.

You collected 680 gold pieces.
You spent 622 gold pieces at shops.

Inventory:

Hand Weapons
 j - a +0 falchion of flaming
 t - a +6 long sword of freezing (weapon)
Missiles
 g - 2 javelins
 q - 14 tomahawks (quivered)
 z - 8 tomahawks of returning
Armour
 c - a +0 shield
 e - a +0 buckler (worn)
 h - a +5 plate armour (worn)
 o - a +2 pair of boots (worn)
 w - a +1 pair of gloves (worn)
 N - a +0 cloak (worn)
Jewellery
 s - an uncursed ring of teleportation
 v - a ring of protection from cold (left hand)
 E - an uncursed amulet of the gourmand
 I - a ring of protection from cold (right hand)
 Q - the amulet "Ocyn" (around neck) {Ward rPois rC++ rN+ Str+4 Int-2}
   (You bought it in a shop on level 9 of the Dungeon)

   [amulet of warding]

   It may prevent the melee attacks of summoned creatures.
   It affects your strength (+4).
   It affects your intelligence (-2).
   It greatly protects you from cold.
   It protects you from poison.
   It protects you from negative energy.
Wands
 R - a wand of confusion (18)
Scrolls
 a - 3 scrolls of remove curse
 x - 2 scrolls of fog
 y - 2 scrolls of recharging
 D - a scroll of teleportation
 H - a scroll of fear
 J - a scroll of silence
 M - 4 scrolls of magic mapping
 P - a scroll of brand weapon
Potions
 b - a potion of resistance
 d - 3 potions of might
 f - 3 potions of flight
 k - a potion of heal wounds
 n - 2 potions of invisibility
 r - 2 potions of agility {unknown}
 u - a potion of berserk rage {unknown}
 A - 5 potions of cancellation
 B - a potion of magic {unknown}
 C - 3 potions of haste
 F - 4 potions of lignification
 G - a potion of curing
 L - 2 potions of mutation
 O - 2 potions of brilliance {unknown}
Comestibles
 i - 6 meat rations
 l - 7 royal jellies
 m - a slice of pizza


   Skills:
 + Level 14.8 Fighting
 - Level 14.0 Long Blades
 - Level 13.0 Armour
 - Level 3.6 Shields


You had 11 spell levels left.
You didn't know any spells.

Dungeon Overview and Level Annotations

Branches:
Dungeon (13/15)            Temple (1/1) D:6            Lair (0/8) D:9
 Vaults (0/5) D:13
    Orc: D:9-12

Altars:
Ashenzari
Cheibriados
Dithmenos
Elyvilon
Fedhas
Kikubaaqudgha
Makhleb
Nemelex Xobeh
Okawaru
Qazlal
Ru
Sif Muna
Trog
Xom
Yredelemnul
Zin
The Shining One

Shops:
D:8 =   D:9 =   D:10 *

Portals:
Trove: D:12 (give +3 fire dragon armour)


Innate Abilities, Weirdness & Mutations

You reflexively headbutt those who attack you in melee.
You have a pair of horns on your head.


Message History

The spectral eight-headed hydra bites you!
* * * LOW HITPOINT WARNING * * *
The spectral eight-headed hydra bites you.
* * * LOW HITPOINT WARNING * * *
The spectral eight-headed hydra bites you but does no damage. x3
You block the spectral eight-headed hydra's attack.
The spectral eight-headed hydra bites you.
* * * LOW HITPOINT WARNING * * *
You hear a roar!
You hear a chilling moan.
You hear a roar!
You are too injured to fight recklessly!
You are too injured to fight recklessly!
You are too injured to fight recklessly!
You are too injured to fight recklessly!
You are too injured to fight recklessly!
You are too injured to fight recklessly!
You are too injured to fight recklessly!
Read which item? (? for menu, Esc to quit)
As you read the scroll of summoning, it crumbles to dust.
Wisps of shadow whirl around you...
You are engulfed in spectral mist.
You die...

... #...##### .. .
. . ..... ......
...... # .. . .#
#..... ...#
...#.##'####....
.....§3§.§.........
.....Z§3Z.....#.. .
......Z@§..........
...#L#######.... ..
#. ...... ... ..# #
... ... .. # .. ..
.... ......


You could see a revenant, a spectral anaconda, a spectral eight-headed hydra, a
spectral emperor scorpion, a friendly neqoxec and a friendly ynoxinul.

Vanquished Creatures
  3 unseen horrors
  A necromancer (D:13)
  A manticore (D:11)
  4 hill giants
  2 ugly things
  A spiny frog (shapeshifter) (D:12)
  2 cyclopes
  A blue devil (Abyss:1)
  A queen bee (D:9)
  The ghost of Poody the Archer, an amateur CeHu of Okawaru (D:4)
  3 trolls
  Grinder (D:3)
  2 two-headed ogres
  A trapdoor spider zombie (D:12)
  Sigmund (D:2)
  A wyvern (D:12)
  7 yaks (D:12)
  A shadow (D:12)
  A basilisk (D:12)
  3 hippogriffs
  8 orc warriors
  A mottled dragon (D:11)
  A water moccasin (D:7)
  Duvessa (D:6)
  3 sky beasts
  6 phantoms
  16 centaurs
  2 necrophages
  A wasp (D:7)
  10 ogres
  3 ice beasts
  2 eyes of draining
  3 big kobolds
  2 crocodiles
  5 giant frogs
  Dowan (D:6)
  A gnoll sergeant (D:9)
  2 scorpions
  5 wights (D:6)
  19 killer bees
  3 giant frog zombies
  A wasp zombie (D:11)
  4 centaur zombies
  2 crimson imps
  2 quasits (D:9)
  5 hounds
  3 giant frog skeletons
  8 orc priests
  2 jellies
  4 orc wizards
  Ijyb (D:2)
  3 human zombies (Ossuary)
  Jessica (D:3)
  A gnoll shaman (D:4)
  Natasha (D:2)
  7 iguanas
  9 worker ants
  4 centaur skeletons
  A killer bee zombie (D:8)
  2 sheep (D:12)
  4 mummies
  2 hound zombies
  A hound skeleton (D:10)
  3 worker ant zombies
  Robin (D:2)
  6 gnolls
  14 adders
  A shadow imp (D:5)
  An ooze (D:1)
  3 adder skeletons
  A worm (D:3)
  29 orcs
  5 giant cockroaches
  14 goblins
  6 hobgoblins
  17 jackals
  10 kobolds
  4 bats
  6 giant geckos
  A giant gecko skeleton (D:5)
  6 giant newts
  A goblin zombie (Ossuary)
  A hobgoblin zombie (Ossuary)
  A jackal skeleton (D:6)
  A jackal zombie (D:5)
  A kobold zombie (Ossuary)
  9 quokkas
  A quokka skeleton (D:6)
  5 rats
349 creatures vanquished.

Vanquished Creatures (others)
  An orc wizard (D:9)
1 creature vanquished.

Grand Total: 350 creatures vanquished

Notes
Turn   | Place    | Note
--------------------------------------------------------------
     0 | D:1      | PossumBlood the Minotaur Fighter began the quest for the Orb.
     0 | D:1      | Reached XP level 1. HP: 19/19 MP: 0/0
   133 | D:1      | Reached XP level 2. HP: 26/26 MP: 1/1
   766 | D:2      | Reached skill level 4 in Long Blades
   766 | D:2      | Reached XP level 3. HP: 22/31 MP: 2/2
   863 | D:2      | Noticed Sigmund
   894 | D:2      | Killed Sigmund
   894 | D:2      | Reached skill level 6 in Long Blades
   894 | D:2      | Reached XP level 4. HP: 25/39 MP: 3/3
   894 | D:2      | Reached XP level 5. HP: 28/45 MP: 4/4
  1110 | D:2      | Noticed Ijyb
  1136 | D:2      | Killed Ijyb
  1136 | D:2      | Reached skill level 7 in Long Blades
  1230 | D:2      | Found a shadowy altar of Dithmenos.
  1262 | D:2      | Noticed Robin
  1278 | D:2      | Killed Robin
  1446 | D:2      | Noticed Natasha
  1450 | D:2      | Killed Natasha
  1450 | D:2      | Reached XP level 6. HP: 48/51 MP: 5/5
  1726 | D:3      | Reached skill level 8 in Long Blades
  2189 | D:3      | Noticed Grinder
  2199 | D:3      | Killed Grinder
  2199 | D:3      | Reached skill level 9 in Long Blades
  2199 | D:3      | Reached XP level 7. HP: 31/57 MP: 6/6
  2355 | D:3      | Found an ancient bone altar of Kikubaaqudgha.
  2462 | D:3      | Found a blossoming altar of Fedhas.
  2470 | D:3      | Found a burning altar of Makhleb.
  2480 | D:3      | Found a sparkling altar of Nemelex Xobeh.
  2620 | D:3      | Noticed Jessica
  2676 | D:3      | Killed Jessica
  2686 | D:3      | Found a deep blue altar of Sif Muna.
  3008 | D:4      | Noticed Poody's ghost (amateur CeHu)
  3009 | D:4      | Reached skill level 10 in Long Blades
  3020 | D:4      | Killed Poody's ghost
  3251 | D:4      | Reached skill level 11 in Long Blades
  3313 | D:4      | Reached XP level 8. HP: 59/64 MP: 7/7
  3499 | D:5      | Entered Level 5 of the Dungeon
  3639 | D:5      | Reached skill level 12 in Long Blades
  4231 | D:5      | Reached skill level 13 in Long Blades
  4762 | D:5      | Found an iron altar of Okawaru.
  4921 | D:5      | Reached XP level 9. HP: 62/70 MP: 8/8
  5241 | D:6      | Reached skill level 14 in Long Blades
  5247 | D:6      | Found a snail-covered altar of Cheibriados.
  5298 | D:6      | Noticed Duvessa
  5298 | D:6      | Noticed Dowan
  5308 | D:6      | Killed Duvessa
  5317 | D:6      | Killed Dowan
  5326 | D:6      | Reached skill level 5 in Fighting
  5892 | D:6      | Found a stormy altar of Qazlal.
  6114 | D:6      | Found a staircase to the Ecumenical Temple.
  6120 | Temple   | Entered the Ecumenical Temple
  6209 | Temple   | Became a worshipper of Trog the Wrathful
  6375 | D:7      | Found a glowing silver altar of Zin.
  6471 | D:7      | Found a sand-covered staircase.
  6476 | Ossuary  | Entered an ossuary
  6810 | D:7      | Reached * piety under Trog
  7436 | D:8      | Found a shattered altar of Ashenzari.
  7521 | D:8      | Found Ostruq's Jewellery Boutique.
  7731 | D:9      | Reached skill level 10 in Fighting
  7731 | D:9      | Reached XP level 10. HP: 76/93 MP: 9/9
  7920 | D:9      | Reached skill level 5 in Armour
  8323 | D:9      | Reached ** piety under Trog
  8770 | D:9      | Found a staircase to the Lair.
  9026 | D:9      | Noticed a purple ugly thing
  9037 | D:9      | Killed a purple ugly thing
  9046 | D:9      | Reached skill level 10 in Armour
  9414 | D:9      | Reached *** piety under Trog
  9628 | D:9      | Found Woletuamo's Jewellery Emporium.
  9709 | D:10     | Entered Level 10 of the Dungeon
  9736 | D:10     | Noticed a hill giant
  9747 | D:10     | Killed a hill giant
  9747 | D:10     | Reached XP level 11. HP: 67/99 MP: 10/10
  9897 | D:10     | Found Fupn's General Store.
 10788 | D:11     | Killed an unseen horror
 11808 | D:11     | Reached **** piety under Trog
 12370 | D:12     | Killed an unseen horror
 12406 | D:12     | Killed an unseen horror
 12737 | D:12     | Found a portal to a secret trove of treasure.
 12906 | D:12     | Noticed a hill giant
 12912 | D:12     | Killed a hill giant
 13090 | D:12     | Reached XP level 12. HP: 113/115 MP: 11/11
 13121 | D:12     | Noticed a hill giant
 13130 | D:12     | Killed a hill giant
 13301 | D:12     | Received a gift from Trog
 13744 | D:10     | Noticed a hill giant
 13752 | D:10     | Killed a hill giant
 13820 | D:9      | Bought the amulet "Ocyn" {Ward rPois rC++ rN+ Str+4 Int-2} for 622 gold pieces
 14020 | D:13     | Reached ***** piety under Trog
 14036 | D:13     | Found a gate to the Vaults.
 14047 | D:13     | Cast into the Abyss (a wizard)
 14141 | Abyss:1  | Noticed a revenant
 14156 | Abyss:1  | HP: 2/118 [spectral eight-headed hydra[a revenant] (4)]
 14157 | Abyss:1  | Engulfed by a revenant's spectral mist

Action                   |  1- 3 |  4- 6 |  7- 9 | 10-12 || total
-------------------------+-------+-------+-------+-------++-------
Melee: Long sword        |    48 |   133 |   367 |   630 ||  1178
       Unarmed           |       |       |     1 |       ||     1
       Falchion          |       |       |   145 |       ||   145
Throw: Javelin           |       |       |     2 |       ||     2
       Tomahawk          |       |       |     1 |       ||     1
Invok: Burn Spellbooks   |       |       |     3 |     2 ||     5
  Use: Scroll            |     4 |       |    20 |    13 ||    37
       Potion            |       |       |       |    15 ||    15
  Eat: Bread ration      |       |     1 |     3 |     2 ||     6
       Fruit             |       |       |     4 |       ||     4
       Beef jerky        |       |       |     1 |     1 ||     2
       Pizza             |       |       |       |     4 ||     4
       Chunk             |       |       |       |    13 ||    13
